 Dungeon Crawl Stone Soup version 0.30.0-18-gc0e69614cb (webtiles) character file.

Game seed: 9290974799394293403

44799 olmar the Basher (level 14, -8/77 HPs)
             Began as a Vine Stalker Fighter on May 23, 2023.
             Was an Initiate of Gozag.
             Mangled by a +0 battleaxe of venom (24 damage)
             ... on level 1 of the Elven Halls.
             The game lasted 00:29:18 (15281 turns).

olmar the Basher (Vine Stalker Fighter)            Turns: 15281, Time: 00:29:19

Health: -8/77      AC: 20    Str: 19    XL:     14   Next: 30%
Magic:  0/15       EV:  6    Int:  8    God:    Gozag
Gold:   3860       SH: 21    Dex: 17    Spells: 13/13 levels left

rFire   . . .        t - +10 mace of the Immovable Souls {freeze, Drain rC+++ rN+ rCorr}
rCold   + + +        F - +0 kite shield
rNeg    + . .        Y - +1 plate armour {Will+}
rPois   .            (helmet restricted)
rElec   +            a - +2 cloak
rCorr   +            (no gloves)
SInv    .            U - +0 pair of boots "Tumolom" {Fly rElec Str-5 Dex+3}
Will    ++...        j - amulet of reflection Stlth
                     u - ring of resist corrosion
HPRegen 1.12/turn    (no ring)
MPRegen 0.14/turn

%: reflection, clarity, guardian spirit
@: flying
A: fangs 3, regeneration 1, magic shield, antimagic bite, no potion heal 2,
horns 1, large bone plates 1, clarity
a: Renounce Religion, Potion Petition, Call Merchant, Bribe Branch


You were on level 1 of the Elven Halls.
You worshipped Gozag.
Gozag was most pleased with you.
You visited 5 branches of the dungeon, and saw 19 of its levels.
You also visited: Sewer and Gauntlet.

You collected 4888 gold pieces.
You spent 458 gold pieces at shops.
You paid 570 gold pieces to Gozag.

Inventory:

Hand Weapons
 t - the +10 mace of the Immovable Souls (weapon) {freeze, Drain rC+++ rN+ rCorr}
   (You took it off a hobgoblin on level 3 of the Dungeon)

   rC:        It renders you almost immune to cold.
   rN:        It protects you from negative energy.
   rCorr:     It protects you from acid and corrosion.
   Drain:     It drains your maximum health when unequipped.
 S - a +1 eveningstar of holy wrath
Missiles
 K - a throwing net
 L - 5 curare-tipped darts
 X - 5 silver javelins
Armour
 a - a +2 cloak (worn)
 F - a +0 kite shield (worn)
 U - the +0 pair of boots "Tumolom" (worn) {Fly rElec Str-5 Dex+3}
   (You found it in a Gauntlet)

   Str:       It affects your strength (-5).
   Dex:       It affects your dexterity (+3).
   rElec:     It insulates you from electricity.
   Fly:       It grants you flight.
 Y - a +1 plate armour of willpower (worn)
Jewellery
 j - an amulet of reflection (around neck)
 u - a ring of resist corrosion (left hand)
 x - an amulet of the acrobat
Wands
 n - a wand of paralysis (4)
 q - a wand of digging (2)
 E - a wand of flame (25) (quivered)
 N - a wand of mindburst (13)
 Q - a wand of roots (5)
 R - a wand of light (7)
Scrolls
 d - 2 scrolls of noise
 f - 4 scrolls of enchant weapon
 g - 2 scrolls of magic mapping
 h - 3 scrolls of teleportation
 l - 3 scrolls of enchant armour
 p - a scroll of poison
 v - a scroll of silence
 w - 3 scrolls of fear
 y - 3 scrolls of fog
 C - a scroll of blinking
 I - a scroll of vulnerability {unknown}
 M - a scroll of butterflies {unknown}
 T - a scroll of amnesia {unknown}
 Z - a scroll of brand weapon {unknown}
Potions
 i - 2 potions of lignification {unknown}
 k - 3 potions of brilliance
 m - 5 potions of mutation
 o - 4 potions of flight
 r - a potion of berserk rage {unknown}
 s - 3 potions of degeneration {unknown}
 z - 6 potions of heal wounds
 A - 2 potions of cancellation
 B - 2 potions of invisibility
 D - a potion of attraction {unknown}
 G - 3 potions of curing
 H - 4 potions of haste {unknown}
 J - a potion of ambrosia {unknown}
 V - a potion of might
Miscellaneous
 b - a condenser vane
 c - a phial of floods
 O - a lightning rod (4/4)


   Skills:
 + Level 10.1 Fighting
 + Level 13.2 Maces & Flails
 - Level 0.4 Throwing
 + Level 10.2 Armour
 + Level 2.8 Dodging
 + Level 11.3 Shields
 + Level 2.7 Evocations


You had 13 spell levels left.
You didn't know any spells.
Your spell library contained the following spells:

 Spells                   Type           Power      Damage    Failure   Level
 Sandblast                Erth           0%         2d4       100%        1
 Sting                    Tmut/Pois      0%         1d3       100%        1
 Passwall                 Tmut/Erth      0%         N/A       100%        2
 Poisonous Vapours        Pois/Air       0%         N/A       100%        2
 Static Discharge         Conj/Air       0%         2-2/arc   100%        2
 Frozen Ramparts          Ice            0%         1d1       100%        3
 Gell's Gravitas          Tloc           0%         N/A       100%        3
 Ignite Poison            Fire/Tmut/Pois 0%         N/A       100%        3
 Ozocubu's Armour         Ice            0%         N/A       100%        3
 Stone Arrow              Conj/Erth      0%         3d7       100%        3
 Teleport Other           Tloc           0%         N/A       100%        3
 Airstrike                Air            0%         2d(0-16)  100%        4
 Ice Form                 Ice/Tmut       0%         N/A       100%        4
 Olgreb's Toxic Radiance  Pois           0%         N/A       100%        4
 Sticky Flame             Conj/Fire      0%         2d3       100%        4
 Summon Ice Beast         Ice/Summ       0%         N/A       100%        4
 Summon Lightning Spire   Summ/Air       0%         N/A       100%        4
 Dispersal                Tloc           0%         N/A       100%        6
 Ozocubu's Refrigeration  Ice            0%         4d7       100%        7
 Discord                  Hex            0%         N/A       100%        8
 Ignition                 Fire           0%         3d3       100%        8


Dungeon Overview and Level Annotations

Branches:
Dungeon (12/15)            Temple (1/1) D:6            Lair (3/5) D:11
  Swamp (0/4) Lair:3        Snake (0/4) Lair:2          Orc (2/2) D:11
    Elf (1/3) Orc:2         Sewer (visited)         Gauntlet (visited)

Altars:
Ashenzari
Cheibriados
Dithmenos
Elyvilon
Fedhas
Gozag
Hepliaklqana
Kikubaaqudgha
Makhleb
Nemelex Xobeh
Okawaru
Qazlal
Ru
Sif Muna
Trog
Uskayaw
Vehumet
Wu Jian
Xom
Yredelemnul
Zin
The Shining One
Lugonu

Shops:
D:4 :   D:7 *   Orc:2 ([([*

Portals:
Abyss: D:3

Annotations:
D:10 2 transporters, Loveship's ghost, novice MiFi
D:11 3 runed translucent doors, qdestroyer's ghost, journeyman MiFi


Innate Abilities, Weirdness & Mutations

You have razor-sharp teeth.
Your natural rate of healing is unusually fast.
When hurt, damage is shared between your health and your magic reserves.
Your bite disrupts and absorbs the magic of your enemies.
Potions cannot restore your health.
You have a pair of small horns on your head.
You are partially covered in large bone plates. (SH +4)
You possess an exceptional clarity of mind.


Message History

Your bite misses the +0 battleaxe of venom.
The +0 battleaxe of venom is severely damaged.
You feel very sick.
The +0 battleaxe of venom hits you but does no damage.
You are more poisoned.
Unknown command.
Unknown command.
There are monsters nearby!
You closely miss the +0 battleaxe of venom.
Your headbutt misses the +0 battleaxe of venom.
You bite the +0 battleaxe of venom, but do no damage.
The +0 battleaxe of venom is severely damaged.
You feel very sick.
The deep elf pyromancer points at you and mumbles some strange words.
The bolt of fire hits the +0 battleaxe of venom.
The +0 battleaxe of venom resists.
The bolt of fire hits you!
You block the +0 battleaxe of venom's attack.
You are too injured to fight recklessly!
There are monsters nearby!
You are too injured to fight recklessly!
Unknown command.
There are monsters nearby!
You are too injured to fight recklessly!
Unknown command.
There are monsters nearby!
You are too injured to fight recklessly!
Unknown command.
You hit the +0 battleaxe of venom.
Your headbutt misses the +0 battleaxe of venom.
Your bite misses the +0 battleaxe of venom.
The +0 battleaxe of venom is almost destroyed.
You feel very sick. The +0 battleaxe of venom hits you!!
* * * LOW HITPOINT WARNING * * *
You are lethally poisoned!
Okay, then.
Your system rejects the healing.
You feel better. The +0 battleaxe of venom hits you!!
You die...
Your body crumbles into a pile of gold.

#.# ##' #.# ##)# #.#
##)## #.# ##.## ##+
##'####)#### #...
##...##..###. .....
##.....'#.....
...e..#####.......#####.
......(@.'.........# #.
......####.........# #.
..... #.........# #.
#... ##.......## ## ###
##.(...## ##...## #####


You could see a deep elf pyromancer and a +0 battleaxe of venom.

Vanquished Creatures
  Azrael (Orc:2)
  A minotaur (Gauntlet)
  3 hydras
  A two-headed ogre (D:12)
  A boulder beetle (D:11)
  4 death yaks (Lair:2)
  3 orc high priests (Orc:2)
  Urug (Orc:2)
  Nergalle (Lair:2)
  A skyshark (Lair:2)
  3 deep elf archers (Elf:1)
  A necromancer (Lair:2)
  4 orc knights (Orc:2)
  5 deep elf zephyrmancers (Elf:1)
  4 deep elf pyromancers
  3 orc sorcerers (Orc:2)
  2 cyclopes (D:12)
  4 elephants (Lair:3)
  Joseph (D:9)
  3 cane toads
  2 gargoyles
  A hellion (Gauntlet)
  Maggie (Lair:2)
  2 rime drakes
  A yaktaur (D:10)
  A komodo dragon (Lair:1)
  A red devil (Gauntlet)
  2 polar bears (Lair:1)
  7 trolls
  A hornet (D:8)
  A raiju (Gauntlet)
  A spectral dream sheep (Lair:3)
  5 blink frogs (Lair:3)
  7 slime creatures (D:12)
  Sigmund (D:5)
  18 yaks
  A shadow (D:11)
  7 fire elementals (Orc:1)
  A water elemental (D:11)
  3 wraiths
  2 wyverns
  2 spectral komodo dragons (Lair:3)
  5 small abominations (Gauntlet)
  A basilisk (Lair:2)
  2 vampire mosquitoes (D:10)
  6 steam dragons
  A warg (Orc:1)
  A naga (Lair:2)
  4 water moccasins
  3 acid dragons
  3 hell hounds
  5 black bears
  16 orc warriors
  3 sky beasts (D:7)
  2 ice beasts (D:6)
  4 ogres
  The ghost of Darkkill the Shooter, an amateur MiHu (D:5)
  4 wolves
  5 centaurs
  3 phantoms
  2 kobold brigands
  10 bullfrogs
  2 gnoll sergeants
  2 scorpions
  4 wights (D:8)
  A water moccasin skeleton (D:5)
  14 killer bees
  3 electric eels (D:11)
  2 howler monkeys
  2 bullfrog zombies (D:5)
  2 lava snakes (D:10)
  A gnoll bouda (D:5)
  3 jellies (D:6)
  9 orc priests
  A centaur skeleton (D:5)
  10 hounds
  A sleepcap (D:8)
  4 iguanas
  Natasha (D:2)
  19 orc wizards
  5 yak simulacra (Lair:2)
  2 polar bear simulacra (Lair:2)
  2 wolf simulacra (Lair:2)
  24 gnolls
  16 adders
  5 shadow imps
  2 white imps (D:4)
  4 ufetubi
  3 worms
  3 dart slugs
  64 orcs
  10 bats
  9 endoplasms
  8 giant cockroaches
  8 goblins
  9 hobgoblins
  3 quokkas
  11 ball pythons
  6 frilled lizards
  28 kobolds
  7 rats
  2 river rat simulacra (Lair:2)
508 creatures vanquished.

Vanquished Creatures (others)
  A slime creature (D:10)
  A shadow (D:12)
2 creatures vanquished.

Grand Total: 510 creatures vanquished

Notes
Turn   | Place    | Note
-------+----------+-------------------------------------------
     0 | D:1      | olmar the Vine Stalker Fighter began the quest for the Orb.
     0 | D:1      | Reached XP level 1. HP: 11/11 MP: 2/2
    96 | D:1      | Reached XP level 2. HP: 12/16 MP: 1/3
   277 | D:1      | Reached skill level 2 in Maces & Flails
   534 | D:1      | Found a faded altar of an unknown god.
   704 | D:1      | Reached XP level 3. HP: 19/20 MP: 4/4
  1257 | D:2      | Noticed Natasha
  1265 | D:2      | Killed Natasha
  1266 | D:2      | Reached skill level 3 in Maces & Flails
  1266 | D:2      | Gained mutation: Your natural rate of healing is unusually
                  | fast. [Vine Stalker growth]
  1266 | D:2      | Reached XP level 4. HP: 22/24 MP: 5/5
  1686 | D:3      | Found a large runed translucent door.
  1686 | D:3      | Found a large runed translucent door.
  1691 | D:3      | Found a corrupted altar of Lugonu.
  1706 | D:3      | Reached XP level 5. HP: 28/28 MP: 6/6
  1886 | D:3      | Found a sparkling altar of Nemelex Xobeh.
  1900 | D:3      | Found an ancient bone altar of Kikubaaqudgha.
  1924 | D:3      | Found a shimmering blue altar of Sif Muna.
  2045 | D:3      | Identified the +10 mace of the Immovable Souls {freeze,
                  | Drain rC+++ rN+ rCorr}
  2329 | D:3      | Found a one-way gate to the infinite horrors of the Abyss.
  2384 | D:3      | Reached XP level 6. HP: 33/33 MP: 7/7
  2405 | D:3      | Reached skill level 4 in Maces & Flails
  2847 | D:4      | Found a blossoming altar of Fedhas.
  2864 | D:4      | Found a stormy altar of Qazlal.
  2936 | D:4      | Noticed a black bear
  2947 | D:4      | Killed a black bear
  2981 | D:4      | Reached XP level 7. HP: 33/37 MP: 6/8
  3028 | D:4      | Reached skill level 5 in Maces & Flails
  3237 | D:4      | Found Silar's Book Emporium.
  3473 | D:5      | Entered Level 5 of the Dungeon
  3473 | D:5      | Found a runed translucent gate.
  3473 | D:5      | Found a runed translucent gate.
  3473 | D:5      | Found a runed translucent gate.
  3484 | D:5      | Noticed Darkkill's ghost (amateur MiHu)
  3533 | D:5      | Found a glowing drain.
  3533 | D:5      | Noticed Sigmund
  3541 | D:5      | Killed Sigmund
  3542 | D:5      | Reached skill level 6 in Maces & Flails
  3548 | D:5      | Gained mutation: You have razor-sharp teeth. [Vine Stalker
                  | growth]
  3548 | D:5      | Reached XP level 8. HP: 42/42 MP: 9/9
  3557 | Sewer    | Entered a sewer
  3781 | D:5      | Gained mutation: You are weak. (Str -2) [potion of
                  | mutation]
  3781 | D:5      | Gained mutation: You are very weak. (Str -4) [potion of
                  | mutation]
  3950 | D:5      | Lost mutation: You are very weak. (Str -4) [potion of
                  | mutation]
  3950 | D:5      | Lost mutation: You are weak. (Str -2) [potion of mutation]
  3950 | D:5      | Gained mutation: You have a pair of small horns on your
                  | head. [potion of mutation]
  3950 | D:5      | Gained mutation: You are partially covered in large bone
                  | plates. (SH +4) [potion of mutation]
  3950 | D:5      | Gained mutation: You possess an exceptional clarity of
                  | mind. [potion of mutation]
  4210 | D:5      | Killed Darkkill's ghost
  4313 | D:6      | Reached skill level 5 in Fighting
  4450 | D:6      | Reached XP level 9. HP: 47/47 MP: 10/10
  4454 | D:6      | Reached skill level 7 in Maces & Flails
  4454 | D:6      | Reached skill level 5 in Shields
  4465 | D:6      | Found a staircase to the Ecumenical Temple.
  4492 | Temple   | Entered the Ecumenical Temple
  5082 | D:7      | Reached skill level 8 in Maces & Flails
  5083 | D:7      | Reached skill level 5 in Armour
  5378 | D:7      | Found Genoprea's Serpentskin Sales.
  5641 | D:7      | Found a shimmering altar of Xom.
  5641 | D:7      | Found a radiant altar of Vehumet.
  5646 | D:7      | Reached XP level 10. HP: 53/53 MP: 11/11
  5853 | D:8      | Reached skill level 9 in Maces & Flails
  5860 | D:8      | Identified the +2 robe of the World {Int+3 Dex+2 Archmagi}
  5992 | D:8      | Found a white marble altar of Elyvilon.
  6156 | D:8      | Found a hazy altar of Hepliaklqana.
  6933 | D:9      | Noticed Joseph
  6946 | D:9      | Killed Joseph
  7241 | D:9      | Found an opulent altar of Gozag.
  7278 | D:9      | Became a worshipper of Gozag Ym Sagoz the Greedy
  7344 | D:10     | Entered Level 10 of the Dungeon
  7432 | D:10     | Noticed a two-headed ogre
  7434 | D:10     | Noticed a gargoyle
  7444 | D:10     | Noticed a two-headed ogre
  7448 | D:10     | Noticed Loveship's ghost (novice MiFi)
  7448 | D:10     | Noticed a boulder beetle
  7450 | D:10     | Found a transporter.
  7458 | D:10     | Found a transporter.
  7558 | D:10     | Noticed a deep elf pyromancer
  7590 | D:10     | Noticed a brown ugly thing
  7692 | D:10     | Killed a deep elf pyromancer
  7693 | D:10     | Reached XP level 11. HP: 50/58 MP: 4/12
  7832 | D:10     | Reached skill level 10 in Maces & Flails
  8610 | D:11     | Found a staircase to the Orcish Mines.
  8614 | D:11     | Noticed a boulder beetle
  8748 | D:11     | Killed a boulder beetle
  8757 | D:11     | Found a staircase to the Lair.
  8874 | D:11     | Reached skill level 1 in Evocations
  8971 | D:11     | Identified the +1 chain mail of Depression {Str+5 Dex-2}
  8981 | D:11     | Reached skill level 1 in Dodging
  9013 | D:11     | Found a runed translucent gate.
  9013 | D:11     | Found a runed translucent gate.
  9018 | D:11     | Found a runed translucent gate.
  9024 | D:11     | Noticed qdestroyer's ghost (journeyman MiFi)
  9352 | Orc:1    | Entered Level 1 of the Orcish Mines
  9530 | Orc:2    | Entered Level 2 of the Orcish Mines
  9530 | Orc:2    | Noticed Urug
  9530 | Orc:2    | Found a staircase to the Elven Halls.
  9531 | Orc:2    | Identified 2 scrolls of acquirement
  9531 | Orc:2    | Acquired a +1 eveningstar of holy wrath
  9533 | Orc:2    | Acquired 801 gold pieces
  9544 | Orc:2    | Killed Urug
  9601 | Orc:2    | Reached XP level 12. HP: 49/64 MP: 8/13
  9884 | Orc:2    | Found Qaza's Assorted Antiques.
  9892 | Orc:2    | Noticed Azrael
 10031 | Orc:1    | Reached skill level 11 in Maces & Flails
 10361 | D:12     | Found a gate leading to a gauntlet.
 10437 | Gauntlet | Entered a Gauntlet
 10437 | Gauntlet | Found a transporter.
 10448 | Gauntlet | Found a transporter.
 10450 | Gauntlet | Found a transporter.
 10467 | Gauntlet | Found a transporter.
 10482 | Gauntlet | Found a transporter.
 10487 | Gauntlet | Found a transporter.
 10507 | Gauntlet | Found a transporter.
 10523 | Gauntlet | Found a transporter.
 10524 | Gauntlet | Noticed an entropy weaver
 10535 | Gauntlet | Found a transporter.
 10536 | Gauntlet | Noticed a green death
 10547 | Gauntlet | Found a transporter.
 10559 | Gauntlet | Found a transporter.
 10571 | Gauntlet | Found a transporter.
 10576 | Gauntlet | Found a transporter.
 10576 | Gauntlet | Found a transporter.
 10589 | Gauntlet | Noticed a great orb of eyes
 10627 | Gauntlet | Found a transporter.
 10654 | Gauntlet | Found a transporter.
 10656 | Gauntlet | Found a transporter.
 10658 | Gauntlet | Found a transporter.
 10894 | Gauntlet | Identified the +0 pair of boots "Tumolom" {Fly rElec Str-5
                  | Dex+3}
 10922 | Gauntlet | Identified the +3 broad axe of the Lamprey {venom, *Corrode
                  | +Blink Str+3}
 10922 | Gauntlet | Noticed a minotaur
 10936 | Gauntlet | Killed a minotaur
 10948 | Gauntlet | Identified the +8 dagger "Obayjem" {freeze, rPois rC+ Int-4
                  | Dex+4}
 11100 | D:12     | Noticed a two-headed ogre
 11107 | D:12     | Killed a two-headed ogre
 11704 | Lair:1   | Entered Level 1 of the Lair of Beasts
 11855 | Lair:1   | Identified the +3 hand axe "Xonidd" {elec, Str+2 Dex+2}
 12573 | Lair:2   | Noticed a skyshark
 12587 | Lair:2   | Killed a skyshark
 12588 | Lair:2   | Reached skill level 12 in Maces & Flails
 12588 | Lair:2   | Reached XP level 13. HP: 53/69 MP: 9/14
 12665 | Lair:2   | Reached skill level 10 in Shields
 12845 | Lair:2   | Noticed Maggie
 12851 | Lair:2   | Killed Maggie
 13130 | Lair:2   | Found a staircase to the Snake Pit.
 13132 | Lair:2   | Noticed Nergalle
 13143 | Lair:2   | Killed Nergalle
 14006 | Lair:3   | Found a staircase to the Swamp.
 14075 | Orc:2    | Killed Azrael
 14541 | Orc:2    | Reached XP level 14. HP: 46/76 MP: 10/15
 14547 | Orc:2    | Reached skill level 10 in Armour
 14548 | Orc:2    | Found Qumacrexu's Weapon Emporium.
 14548 | Orc:2    | Found Dykhle's Antique Armour Shop.
 14556 | Orc:2    | Reached skill level 13 in Maces & Flails
 14612 | Orc:2    | Found Tyngosm's Weapon Emporium.
 14612 | Orc:2    | Found Newkau's Antique Armour Shop.
 14625 | Orc:2    | Bought a runed cloak for 202 gold pieces
 14625 | Orc:2    | Bought a shimmering chain mail for 256 gold pieces
 14625 | Orc:2    | Identified the +0 chain mail of the Valley {rN+ Int+3} (You
                  | bought it in a shop on level 2 of the Orcish Mines)
 15061 | Elf:1    | Entered Level 1 of the Elven Halls
 15094 | Elf:1    | Reached skill level 10 in Fighting
 15281 | Elf:1    | Mangled by a +0 battleaxe of venom

Illustrated notes

Levels and vault maps discovered:
D:1:      lemuel_arrival_behind_the_door_large, layout_loops_corners,
          chequers_ecumenical_altar_simple
D:2:      minmay_diamond_boxcup, layout_rooms, uniq_natasha
D:3:      due_chaos_kobolds, layout_loops_corners,
          nicolae_overflow_crystal_walls,
          chequers_temple_overflow_statue_of_worship, minmay_quadrilaterals
D:4:      layout_loops_ring, grunt_temple_overflow_forces_of_nature,
          serial_shops, shop, serial_demonic, serial_demonic_f,
          serial_demonic_c, serial_demonic_a, serial_demonic_b,
          kennysheep_generic_room_15
D:5:      kennysheep_spiral_hall, layout_cave_pools, gammafunk_ghost_necromancy,
          gup_sewer_entry_glass, uniq_sigmund
D:6:      layout_loops_ring, minmay_temple_entry_slanted,
          amcnicky_mini_corridor_feature
D:7:      layout_loops_cross, grunt_temple_overflow_open, grunt_ministairs_12,
          guppyfry_shop_venom
D:8:      layout_loops_cross, nicolae_hepliaklqana_hazy_memory,
          lemuel_doored_altar
D:9:      layout_basic, nicolae_gozag_seed_capital, uniq_joseph
D:10:     kennysheep_big_flooded_room, layout_loops_ring, nzn_ghost_randoct,
          onia_ninara_dug_in_and_dangerous
D:11:     layout_cross, erik_lair_island, orc_0_dummy, gammafunk_ghost_spectres
D:12:     layout_loops_ring, gauntlet_entry_generic, lemuel_flame_loot_1
Temple:   minmay_temple_bridge_abc
Lair:1:   layout_loops_ring, beast_lair_carwin_8, lemuel_fruit_fields,
          lemuel_fruit_fields
Lair:2:   layout_cave_pods, guppyfry_snake_entry_garden, eino_house_with_fridge,
          uniq_nergalle, uniq_maggie
Lair:3:   layout_small_grid, nicolae_swamp_entry_spooky,
          infiniplex_staircase_pool_2, grunt_megastairs_4
Orc:1:    layout_caves
Orc:2:    grunt_orc_tribal_feast, layout_caves, serial_shops, shop, uniq_azrael,
          uniq_urug
Elf:1:    eino_elf_arrival_the_gate, layout_geoelf_grid, serial_shops,
          nicolae_shop_window_shopping, enter_trove_5, minivault_28,
          hangedman_elf_simple_split

Skill      XL: |  1  2  3  4  5  6  7  8  9 10 11 12 13 14 |
---------------+-------------------------------------------+-----
Fighting       | 3 4 5 7 8 9 10 | 10.1
Maces & Flails | 2 3 4 6 8 9 10 12 13 | 13.2
Shields        | 3 4 6 7 8 9 10 11 | 11.3
Armour         | 3 4 5 6 7 8 9 10 | 10.2
Evocations     | 1 2 |  2.7
Dodging        | 1 2 |  2.8
Throwing       | |  0.4

Action                     |  1- 3 |  4- 6 |  7- 9 | 10-12 | 13-15 || total
---------------------------+-------+-------+-------+-------+-------++-------
  Melee: Flail             |    88 |    81 |       |       |       ||   169
         Bite              |    18 |    23 |    48 |   154 |   153 ||   396
         Mace              |       |    62 |   246 |   547 |   356 ||  1211
         Headbutt          |       |       |    18 |   116 |    80 ||   214
  Throw: Javelin           |       |       |       |     4 |       ||     4
         Dart              |       |       |       |     5 |     1 ||     6
 Invoke: Potion Petition   |       |       |       |     1 |       ||     1
  Evoke: Wand              |       |       |     2 |    13 |    13 ||    28
         Lightning rod     |       |       |       |     4 |       ||     4
         Condenser vane    |       |       |       |       |     1 ||     1
    Use: Scroll            |     2 |     4 |     2 |    12 |     3 ||    23
         Potion            |       |       |     2 |     7 |     1 ||    10
   Stab: Paralysed         |       |       |     3 |     5 |     3 ||    11
         Distracted        |       |       |       |     4 |     3 ||     7
         Invisible         |       |       |       |     2 |       ||     2
 Armour: Scale mail        |    12 |       |       |       |       ||    12
         Plate armour      |    36 |   127 |   164 |   154 |   122 ||   603
         Chain mail        |       |       |       |    58 |    15 ||    73
  Dodge: Dodged            |    30 |    54 |   120 |   178 |    62 ||   444
  Block: Buckler           |    25 |    31 |    93 |       |       ||   149
         Kite shield       |       |       |    49 |   444 |   251 ||   744
         Reflection        |       |       |       |       |     1 ||     1
